 Dungeon Crawl Stone Soup version 0.22-a0-443-g17c3723 (webtiles) character file.

501 Saeniel the Firebug (level 6, 0/48 HPs)
             Began as a Deep Elf Fire Elementalist on June 1, 2018.
             Killed from afar by Blork the orc (5 damage)
             ... with a magic dart
             ... on level 4 of the Dungeon.
             The game lasted 00:12:42 (4358 turns).

Saeniel the Firebug (Deep Elf Fire Elementalist)    Turns: 4358, Time: 00:12:43

Health: 0/48       AC: 23    Str: 10    XL:     6   Next: 95%
Magic:  9/15       EV:  2    Int: 22    God:
Gold:   149        SH:  0    Dex: 15    Spells: 7/15 levels left

rFire    . . .     SeeInvis .   l - +1 short sword (speed)
rCold    . . .     Gourm    .   (no shield)
rNeg     + + +     Faith    .   (armour currently unavailable)
rPois    +         Spirit   .   (helmet currently unavailable)
rElec    .         Reflect  .   (cloak currently unavailable)
rCorr    .         Harm     .   (gloves currently unavailable)
MR       .....     NoTele   +   (boots currently unavailable)
Stlth    ++........             (no amulet)
HPRegen  0.16/turn              (no ring)
MPRegen  0.14/turn              (no ring)

@: mighty, tree-form
A: sense surroundings 1
a: no special abilities


You were on level 4 of the Dungeon.
You were not hungry.
You were a tree.
You visited 1 branch of the dungeon, and saw 4 of its levels.

You collected 149 gold pieces.

Inventory:

Hand Weapons
 l - a +1 short sword of speed (weapon)
Armour
 a - a +0 robe (melded)
 j - a +0 hat (melded)
Jewellery
 g - an uncursed ring of resist corrosion {unknown}
 p - a +3 amulet of reflection {unknown}
Scrolls
 o - a scroll of identify
Potions
 b - a potion of lignification
 e - a potion of experience
 h - a potion of brilliance {unknown}
 i - a potion of haste {unknown}
 k - a potion of berserk rage {unknown}
 m - a potion of mutation
 n - a potion of ambrosia {unknown}
Comestibles
 c - 6 rations


   Skills:
 + Level 4.5 Dodging
 - Level 2.4 Stealth
 + Level 5.1 Spellcasting
 + Level 3.6 Conjurations
 * Level 6.0 Fire Magic


You had 7 spell levels left.
You knew the following spells:

 Your Spells              Type           Power        Failure   Level  Hunger
a - Flame Tongue          Conj/Fire      ####.        1%          1    None
b - Throw Flame           Conj/Fire      ####..       1%          2    None
c - Fireball              Conj/Fire      ####......   36%         5    #####..

Your spell library contained the following spells:

 Spells                   Type           Power        Failure   Level  Hunger
 Conjure Flame            Conj/Fire      ####....     4%          3    ##.....
 Sticky Flame             Conj/Fire      ####....     14%         4    ####...
 Inner Flame              Hex/Fire       ###.....     9%          3    ##.....


Dungeon Overview and Level Annotations

Branches:
Dungeon (4/15)             Temple (0/1) D:4

Altars:

Annotations:
D:4 Blork the orc


Innate Abilities, Weirdness & Mutations

((You have very sharp teeth.))
You passively map a small area around you.


Message History

The puff of frost misses you.
You hit something. Something hits you!
* * * LOW HITPOINT WARNING * * *
You turn into a tree.
Your +0 hat melds into your body.
Your +0 robe melds into your body.
Your roots penetrate the ground.
Something hits you but does no damage.
You hit something but do no damage. Something hits you.
* * * LOW HITPOINT WARNING * * *
It was a potion of mutation.
You feel extremely strange.
Your teeth lengthen and sharpen.
You feel a strange attunement to the structure of the dungeons.
Something hits you but does no damage. x2
It was a potion of flight.
Your roots keep you in place.
Something hits you but does no damage.
It was a potion of might.
You feel very mighty all of a sudden.
You hear some strange, mumbled words.
A magic dart appears from out of thin air!
The magic dart hits you!
You die...

, .. #.*
#.#.########
* . ,#
#####.#.# ,
* ...#.#.#
*, *,
*##.#.#.# ,
#..†...# *
#.†#......(
* ,
#..#######.#
, ,,
#{......#* *
** ,*
#♣#####.# *
, #.)(# ** *
###'# , , *
* *, )... ,
,, ....## ,
.....# *
......# ,
.......# , *
#.......#


There were no monsters in sight!

Vanquished Creatures
  A phantom (D:4)
  An ogre (D:4)
  A scorpion (D:4)
  A howler monkey (D:4)
  A hound (D:4)
  An orc wizard (D:4)
  2 worker ants (D:4)
  3 adders
  An adder skeleton (D:4)
  4 worms
  2 dart slugs
  2 leopard geckos
  12 orcs
  3 giant cockroaches
  6 goblins
  9 hobgoblins
  4 jackals (D:3)
  10 kobolds
  2 quokkas
  A ball python (D:3)
  5 bats
  5 frilled lizards
  A jackal skeleton (D:4)
  4 rats
82 creatures vanquished.

Notes
Turn   | Place    | Note
-------+----------+-------------------------------------------
     0 | D:1      | Saeniel the Deep Elf Fire Elementalist began the quest for the Orb.
     0 | D:1      | Reached XP level 1. HP: 10/10 MP: 6/6
   318 | D:1      | Reached XP level 2. HP: 15/15 MP: 6/8
   865 | D:2      | Learned a level 2 spell: Throw Flame
  1059 | D:2      | Reached XP level 3. HP: 17/19 MP: 6/9
  1175 | D:2      | Reached skill level 4 in Fire Magic
  2077 | D:3      | Reached XP level 4. HP: 23/24 MP: 7/11
  3507 | D:4      | Reached XP level 5. HP: 25/28 MP: 9/13
  3514 | D:4      | Learned a level 5 spell: Fireball
  3685 | D:4      | Noticed a phantom
  3700 | D:4      | Killed a phantom
  3700 | D:4      | Reached skill level 5 in Fire Magic
  3805 | D:4      | Reached XP level 6. HP: 32/32 MP: 9/14
  4221 | D:4      | Reached skill level 5 in Spellcasting
  4225 | D:4      | Reached skill level 6 in Fire Magic
  4342 | D:4      | Noticed Blork the orc
  4356 | D:4      | Gained mutation: You have very sharp teeth. [potion of mutation]
  4356 | D:4      | Gained mutation: You passively map a small area around you. [potion of mutation]
  4358 | D:4      | Killed from afar by Blork the orc

Vault maps used:
D:1:      lightli_arrival_windingriver
D:4:      lemuel_round_altar, minmay_temple_entry_overgrown,
          serial_bayou_pond_e, uniq_blork_the_orc

Skill      XL: |  1  2  3  4  5  6 |
---------------+-------------------+-----
Dodging        | 3 4 |  4.5
Fire Magic     | 4 5 6 |  6.0
Conjurations   | 2 3 |  3.6
Spellcasting   | 4 5 |  5.1
Stealth        | |  2.4

Action                   |  1- 3 |  4- 6 || total
-------------------------+-------+-------++-------
Melee: Short sword       |    16 |    52 ||    68
 Cast: Flame Tongue      |    55 |    93 ||   148
       Throw Flame       |     1 |     3 ||     4
  Use: Scroll            |     4 |     3 ||     7
       Potion            |       |     4 ||     4
 Stab: Sleeping          |       |     1 ||     1
  Eat: Ration            |     1 |     2 ||     3
Armor: Robe              |     4 |    17 ||    21
       Skin              |       |     4 ||     4
Dodge: Dodged            |    25 |    62 ||    87

Table legend:
 A = Spawn XP
 B = Non-spawn XP
 C = Spawn XP percentage of total XP
 D = Spawn monster count
 E = Non-spawn monster count
 F = Spawn count percentage of total count
 G = Total turns spent on level
                    A         B        C        D         E        F      G
               +---------+---------+-------+---------+---------+-------+---------
         Total |       0 |     717 |   0.0 |       0 |      82 |   0.0 |  4358
               +---------+---------+-------+---------+---------+-------+---------
           D:1 |       0 |      25 |   0.0 |       0 |      14 |   0.0 |   736
           D:2 |       0 |      46 |   0.0 |       0 |      16 |   0.0 |   910
           D:3 |       0 |     102 |   0.0 |       0 |      34 |   0.0 |  1858
           D:4 |       0 |     544 |   0.0 |       0 |      18 |   0.0 |   854
               +---------+---------+-------+---------+---------+-------+---------
